 Dungeon Crawl Stone Soup version 0.25.0-37-gb73750e0fb (webtiles) character file.

Game seed: 7820533097578637755

196 xccam the Cutter (level 5, -2/34 HPs)
             Began as an Octopode Assassin on July 9, 2020.
             Slain by an orc (4 damage)
             ... on level 3 of the Dungeon.
             The game lasted 00:04:12 (2671 turns).

xccam the Cutter (Octopode Assassin)                Turns: 2671, Time: 00:04:12

Health: -2/34      AC:  1    Str: 17    XL:     5   Next: 75%
Magic:  5/5        EV: 13    Int: 13    God:
Gold:   111        SH:  0    Dex: 14    Spells: 4/4 levels left

rFire    . . .     SeeInvis .   n - +2 dagger (drain)
rCold    + . .     Gourm    .   (no shield)
rNeg     . . .     Faith    .   (helmet restricted)
rPois    .         Spirit   .   j - amulet of magic regeneration
rElec    .         Reflect  .   g - ring of protection from cold
rCorr    .         Harm     .   k - +6 ring of strength
MR       .....                  (no ring)
Stlth    ++++......             (no ring)
HPRegen  0.11/turn              (no ring)
MPRegen  0.34/turn              (no ring)
                                (no ring)
                                (no ring)

@: lethally poisoned (-2 -> -6), about to teleport, berserk cooldown
A: almost no armour, stealthy swim, amphibious, 8 rings, constrict 8, camouflage
1, gelatinous body 1
a: no special abilities


You were on level 3 of the Dungeon.
You were not hungry.

You visited 1 branch of the dungeon, and saw 3 of its levels.

You collected 111 gold pieces.

Inventory:

Hand Weapons
 e - a +0 rapier
 n - a +2 dagger of draining (weapon)
Missiles
 b - 22 poisoned darts (quivered)
 c - 2 curare-tipped darts
Armour
 o - a +3 tower shield
Jewellery
 g - a ring of protection from cold (left tentacle)
 j - an amulet of magic regeneration (around mantle)
 k - a +6 ring of strength (right tentacle)
Wands
 s - a wand of digging (2)
Scrolls
 i - 2 scrolls of remove curse
 l - 3 scrolls of teleportation
Potions
 a - a potion of flight
Comestibles
 d - 9 rations
 f - 7 chunks of flesh


   Skills:
 - Level 2.0 Fighting
 + Level 5.8 Short Blades
 - Level 2.0 Throwing
 - Level 1.0 Dodging
 - Level 5.3 Stealth


You had 4 spell levels left.
You didn't know any spells.
Your spell library was empty.

Dungeon Overview and Level Annotations

Branches:
Dungeon (3/15)

Altars:
Cheibriados


Innate Abilities, Weirdness & Mutations

You cannot wear most types of armour.
You are very stealthy in the water. (Stealth+)
You are amphibious.
You can wear up to eight rings at the same time.
You can use your tentacles to constrict eight enemies at once.
Your skin changes colour to match your surroundings (Stealth+).
Your rubbery body absorbs attacks. (AC +1, EV +1)


Message History

Your magical effects are unravelling.
You feel magically purged.
You feel yourself speed up.
You float gracefully downwards.
You feel a little less mighty now.
* * * LOW HITPOINT WARNING * * *
You feel sick.
As you read the scroll labeled TEETZA SAJA, it crumbles to dust.
You feel strangely unstable.
It was a scroll of teleportation.
* * * LOW HITPOINT WARNING * * *
You feel sick.
As you read the scroll labeled GUYXKASEOVID, it crumbles to dust.
It is a scroll of enchant armour.
Your +2 tower shield glows green for a moment.
The orc barely misses you.
You hit the orc but do no damage. Your grab misses the orc.
You squeeze the orc.
The orc is heavily wounded.
The orc hits you.
You die...

###.#######.# #..#.
#........## #....
########.###### . #....
#........#... ##.#.
#.##.....'... +....
#.#......#... .####. #
#.#......# .. ........
.....#.####.#)#.####...
....###.
..............#@##.....
## .....
............(.#o.......
.####
......#####.#......####
...... #)######## .. .
.....#####oo...... .# #
#.o.o(K...##### #
#..(.......... #
#...##..........# # #..
#.##.......#


You could see an orc.

Vanquished Creatures
  An orc wizard (D:3)
  Terence (D:3)
  A worker ant (D:3)
  3 gnolls
  An ooze (D:2)
  4 worms
  3 dart slugs
  A leopard gecko (D:2)
  7 orcs (D:3)
  A ball python (D:2)
  8 bats
  A giant cockroach (D:1)
  4 goblins
  8 hobgoblins
  2 jackals (D:1)
  A quokka (D:3)
  4 frilled lizards
  8 kobolds
  6 rats
65 creatures vanquished.

Notes
Turn   | Place    | Note
-------+----------+-------------------------------------------
     0 | D:1      | xccam the Octopode Assassin began the quest for the Orb.
     0 | D:1      | Reached XP level 1. HP: 14/14 MP: 1/1
   289 | D:1      | Reached XP level 2. HP: 19/19 MP: 2/2
   773 | D:2      | Reached XP level 3. HP: 24/24 MP: 3/3
  1361 | D:2      | Reached XP level 4. HP: 29/29 MP: 4/4
  1689 | D:2      | Found a snail-covered altar of Cheibriados.
  2412 | D:3      | Reached skill level 5 in Short Blades
  2412 | D:3      | Reached XP level 5. HP: 34/34 MP: 5/5
  2618 | D:3      | Noticed Terence
  2627 | D:3      | Killed Terence
  2671 | D:3      | Slain by an orc

Illustrated notes

Levels and vault maps discovered:
D:1:      dpeg_arrival_pits, layout_basic
D:2:      layout_loops_ring, cheibriados_altar_1
D:3:      layout_basic, kennysheep_generic_room_11, uniq_terence

Skill      XL: |  1  2  3  4 |
---------------+-------------+-----
Short Blades   | 3 4 5 |  5.8
Fighting       | |  2.0
Throwing       | |  2.0
Dodging        | |  1.0
Stealth        | |  5.3

Action                   |  1- 3 |  4- 6 || total
-------------------------+-------+-------++-------
Melee: Dagger            |    53 |    57 ||   110
       Constrict         |    11 |     7 ||    18
       Tentacles         |     4 |    10 ||    14
Throw: Dart              |     5 |       ||     5
  Use: Scroll            |       |     4 ||     4
       Potion            |       |     5 ||     5
 Stab: Sleeping          |     8 |     9 ||    17
       Distracted        |       |     2 ||     2
  Eat: Chunk             |     1 |     4 ||     5
Armor: Skin              |     3 |     4 ||     7
Dodge: Dodged            |    29 |    29 ||    58
